 Dungeon Crawl Stone Soup version 0.29-a0-553-g81b289dbe5 (webtiles) character file.

Game seed: 13194172299801436931

121 MylesGorder the Skirmisher (level 4, -13/40 HPs)
             Began as a Draconian Fighter on June 6, 2022.
             Mangled by an orc wizard
             ... wielding a +0 dagger of electrocution
              (14 damage)
             ... on level 3 of the Dungeon.
             The game lasted 00:07:53 (2267 turns).

MylesGorder the Skirmisher (Draconian Fighter)      Turns: 2267, Time: 00:07:55

Health: -13/40     AC:  5    Str: 20    XL:     4   Next: 76%
Magic:  0/4        EV: 12    Int:  8    God:
Gold:   85         SH:  4    Dex: 11    Spells: 3/3 levels left

rFire   . . .      SeeInvis .   a - +0 war axe
rCold   . . .      Faith    .   b - +0 buckler
rNeg    . . .      Spirit   +   (body armour unavailable)
rPois   .          Reflect  .   (helmet restricted)
rElec   .          Harm     .   (no cloak)
rCorr   .          Rampage  .   (no gloves)
Will    .....                   (no boots)
Stlth   +.........              h - amulet of guardian spirit
HPRegen 0.13/turn               (no ring)
MPRegen 0.09/turn               (no ring)

@: no status effects
A: AC +5, unfitting armour, cold-blooded
a: no special abilities


You were on level 3 of the Dungeon.
You visited 1 branch of the dungeon, and saw 3 of its levels.

You collected 85 gold pieces.

Inventory:

Hand Weapons
 a - a +0 war axe (weapon)
Armour
 b - a +0 buckler (worn)
Jewellery
 h - an amulet of guardian spirit (around neck)
Scrolls
 c - 3 scrolls of identify
 d - a scroll of magic mapping {unknown}
 e - 2 scrolls of enchant armour {unknown}
 g - a scroll of teleportation {unknown}
 i - a scroll of vulnerability {unknown}
 j - a scroll of acquirement {unknown}
 l - a scroll of silence {unknown}
Potions
 f - a potion of curing
 k - 2 potions of heal wounds {unknown}
 m - a potion of brilliance {unknown}
 n - a potion of flight {unknown}


   Skills:
 + Level 3.9 Fighting
 + Level 3.5 Axes
 + Level 3.3 Dodging
 + Level 0.4 Stealth
 + Level 3.4 Shields


You had 3 spell levels left.
You didn't know any spells.
Your spell library was empty.

Dungeon Overview and Level Annotations

Branches:
Dungeon (3/15)

Altars:

Shops:
D:2 [


Innate Abilities, Weirdness & Mutations

Your plain brown scales are hard. (AC +5)
You cannot fit into any form of body armour.
You are cold-blooded and may be slowed by cold attacks.


Message History

The orc hits you but does no damage. Something hits you but does no damage.
You are electrocuted!
The orc misses you. The orc attacks as you move away!
The orc closely misses you. The orc hits you with a +0 whip.
* * * LOW HITPOINT WARNING * * *
You closely miss the orc.
The orc is almost dead.
You hit the orc.
You kill the orc!
You bump into the rock wall.
You miss the orc.
The orc is almost dead.
You barely miss something.
You feel less confused.
You hear some strange, mumbled words.
A magic dart appears from out of thin air!
The magic dart hits you.
* * * LOW HITPOINT WARNING * * *
The orc closely misses you.
You slash the orc!
You kill the orc!
You barely miss something.
You hear some strange, mumbled words.
Something tries to affect you, but you resist.
Something hits you.
* * * LOW HITPOINT WARNING * * *
Something hits you but does no damage.
You closely miss something. You hit something. You block something's attack.
Something hits you.
* * * LOW HITPOINT WARNING * * *
You miss something. You hit something but do no damage. Something hits you.
* * * LOW HITPOINT WARNING * * *
Something hits you but does no damage.
You miss something. x2; Something hits you.
* * * LOW HITPOINT WARNING * * *
Something hits you.
* * * LOW HITPOINT WARNING * * *
You block something's attack. Something hits you but does no damage.
You are electrocuted!
You die...

#...# #### #...#####
#.. ...###........ #.
... .##............
#. #.#
...............
#..#..
.....?)........
#..#.##.##.#
#.).####.
.##..#.......#
#{{.....(
..........##.#
#@..####.
#.......##.###...##
####÷#####.#......#
.#####<.)).))#.##.#.#
........÷)))##.##.#.#
.####.#####÷).....#.#
#. #.........# #.
.....#.###.... #.
#.##..#... ..##


There were no monsters in sight!

Vanquished Creatures
  Robin (D:3)
  3 adders (D:2)
  A worm (D:2)
  A dart slug (D:1)
  5 orcs
  6 endoplasms
  3 giant cockroaches
  15 goblins
  8 hobgoblins
  7 jackals (D:1)
  2 kobolds (D:1)
  A quokka (D:1)
  2 ball pythons
  2 bats (D:2)
  3 frilled lizards
  4 rats
64 creatures vanquished.

Vanquished Creatures (others)
  2 plants (D:1)
2 creatures vanquished.

Grand Total: 66 creatures vanquished

Notes
Turn   | Place    | Note
-------+----------+-------------------------------------------
     0 | D:1      | MylesGorder the Draconian Fighter began the quest for the
                  | Orb.
     0 | D:1      | Reached XP level 1. HP: 19/19 MP: 1/1
    62 | D:1      | Reached XP level 2. HP: 11/26 MP: 2/2
   540 | D:1      | Found a faded altar of an unknown god.
   559 | D:1      | Reached XP level 3. HP: 19/33 MP: 3/3
  1256 | D:2      | Found Cyizut's Armour Shop.
  1482 | D:2      | Reached XP level 4. HP: 36/40 MP: 4/4
  1899 | D:3      | Noticed Robin
  1914 | D:3      | Killed Robin
  2267 | D:3      | HP: 1/40 [something (2)]
  2267 | D:3      | Mangled by an orc wizard

Illustrated notes

Levels and vault maps discovered:
D:1:      shiori_arrival_maze, layout_rooms, serial_forest,
          infiniplex_forest_fountain, infiniplex_forest_straight_1,
          infiniplex_forest_lined_1, infiniplex_forest_clump_double,
          infiniplex_forest_lined_room_2, infiniplex_forest_end_3,
          hellmonk_ecumenical_altar_arch_garden
D:2:      layout_basic, serial_shops, shop
D:3:      layout_loops_cross, mainiacjoe_overflow_concentric_impassable,
          uniq_sigmund, uniq_ijyb, uniq_robin

Skill      XL: |  1  2  3 |
---------------+----------+-----
Dodging        | 3 |  3.3
Axes           | 3 |  3.5
Fighting       | |  3.9
Stealth        | |  0.4
Shields        | |  3.4

Action                   |  1- 3 |  4- 6 || total
-------------------------+-------+-------++-------
Melee: War axe           |   112 |    42 ||   154
       Tailslap          |     8 |     3 ||    11
  Use: Potion            |     1 |       ||     1
       Scroll            |     2 |       ||     2
 Stab: Sleeping          |       |     1 ||     1
Armor: Skin              |    30 |    28 ||    58
Dodge: Dodged            |    71 |    37 ||   108
Block: Buckler           |    32 |    14 ||    46

Table legend: (Time is in decaauts)
 A = Elapsed time spent in this place.
 B = Non-inter-level travel time spent in this place.
 C = Inter-level travel time spent in this place.
 D = Time resting spent in this place.
 E = Time spent auto-exploring this place.
 F = Levels seen in this place.
 G = Mean time per level.
                   A        B        C        D        E       F      G
               +--------+--------+--------+--------+--------+-----+--------+
         Total |   2330 |   2288 |     42 |    310 |   1472 |   3 |  776.7 |
       Dungeon |   2330 |   2288 |     42 |    310 |   1472 |   3 |  776.7 |
               +--------+--------+--------+--------+--------+-----+--------+

Top non-repeatable levels by time:
     D:1: 1143 daAuts
     D:2: 781 daAuts
     D:3: 405 daAuts
